 Dungeon Crawl Stone Soup version 0.22.1-1-ga44c0e5 (webtiles) character file.

2707 Fang the Cleaver (level 9, -1/57 HPs)
             Began as a Gargoyle Berserker on Sept 27, 2018.
             Was an Elder of Trog.
             Slain by a steam dragon (6 damage)
             ... on level 7 of the Dungeon.
             The game lasted 00:10:39 (7859 turns).

Fang the Cleaver (Gargoyle Berserker)               Turns: 7859, Time: 00:10:41

Health: -1/57      AC: 13    Str: 24    XL:     9   Next: 66%
Magic:  9/9        EV: 14    Int:  8    God:    Trog [****..]
Gold:   425        SH:  0    Dex:  9    Spells: 8/8 levels left

rFire    x . .     SeeInvis .   a - +2 hand axe
rCold    + . .     Gourm    .   (no shield)
rNeg     + . .     Faith    +   q - +2 robe {MR+}
rPois    ∞         Spirit   .   (no helmet)
rElec    +         Reflect  .   x - +2 cloak {MR+}
rCorr    .         Harm     .   (no gloves)
MR       ++...                  (no boots)
Stlth    ++........             k - amulet of faith
HPRegen  0.19/turn              i - ring of ice
MPRegen  0.11/turn              (no ring)

@: no status effects
A: negative energy resistance 1, electricity resistance, unbreathing,
petrification resistance, rot immunity, AC +6
a: Berserk, Trog's Hand, Brothers in Arms, Renounce Religion


You were on level 7 of the Dungeon.
You worshipped Trog.
Trog was greatly pleased with you.
You were very hungry.

You visited 2 branches of the dungeon, and saw 8 of its levels.

You collected 425 gold pieces.

Inventory:

Hand Weapons
 a - a +2 hand axe (weapon)
Armour
 f - +0 steam dragon scales
 q - a +2 robe of magic resistance (worn)
 x - a +2 cloak of magic resistance (worn)
Jewellery
 i - a ring of ice (left hand)
 k - an amulet of faith (around neck)
Wands
 b - a wand of flame (24)
 j - a wand of acid (5)
 r - a wand of polymorph (22)
Scrolls
 d - a scroll of holy word
 l - 2 scrolls of enchant armour
 p - 2 scrolls of fog
Potions
 e - 2 potions of flight
 g - a potion of agility
 h - a potion of brilliance
 n - a potion of resistance
 o - 3 potions of curing
 s - 2 potions of ambrosia {unknown}
 t - 2 potions of heal wounds {unknown}
 v - a potion of magic {unknown}
 w - a potion of mutation {unknown}
 z - a potion of lignification {unknown}
Comestibles
 c - 6 rations


   Skills:
 + Level 7.0 Fighting
 + Level 9.0 Axes
 + Level 2.5 Armour
 + Level 5.4 Dodging
 + Level 3.1 Stealth


You had 8 spell levels left.
You didn't know any spells.
Your spell library was empty.

Dungeon Overview and Level Annotations

Branches:
Dungeon (7/15)             Temple (1/1) D:4

Altars:
Dithmenos
Wu Jian
Zin

Shops:
D:6 ?


Innate Abilities, Weirdness & Mutations

You are resistant to torment.
Your stone body is resilient. (AC +6)
You are immune to poison.
You resist negative energy. (rN+)
You are resistant to electric shocks. (rElec)
You can survive without breathing.
You are immune to petrification.
You are immune to rotting.


Message History

A steam dragon comes into view.
The steam dragon moves out of view.
A steam dragon is nearby!
The steam dragon hisses angrily.
The steam dragon breathes steam at you. The ball of steam hits you!
The steam scalds you terribly! The steam dragon barely misses you.
The steam dragon claws you but does no damage.
You hit the steam dragon.
The steam dragon is lightly wounded.
You are engulfed in a cloud of scalding steam.
The steam dragon breathes steam at you. The ball of steam hits you!
The steam scalds you terribly!
Ouch! That really hurt!
* * * LOW HITPOINT WARNING * * *
Your two-headed ogre goes berserk!
You are feeling very hungry.
You are engulfed in a cloud of scalding steam.
The steam dragon bites you.
You die...

######## #).....# *,,,*
##...##* #......###,*,* ##.###
#........,,*,## ###...#
#......#*,,,..#*#....##
#....).##*,..,,*#<#.##
#.......##.##.....#.# ##**
#.....§§§...........# ...*
####...###§##.........##
...####......##§@§##.######.#
......#......#..DD§#**≈≈≈≈####
.............#≈O§§§#*,....≈≈≈##
.......#######§≈§.§#,,,,#...≈≈#
.......# ##≈§§§.,,,*#..⌠.≈#
.......## #####§≈≈≈###.....#
........######..#*#####.##...##
......#........#####.....##.##
.............................##


You could see 2 steam dragons and a friendly two-headed ogre (berserk).

Vanquished Creatures
  A steam dragon (D:7)
  Duvessa (D:7)
  A phantom (D:7)
  An ice beast (D:5)
  An orc warrior (D:5)
  An ogre (D:5)
  A centaur (D:5)
  A necrophage (D:7)
  2 gnoll sergeants
  A bullfrog (D:7)
  2 scorpions
  Dowan (D:7)
  9 wights (D:7)
  A howler monkey (Temple)
  A centaur zombie (D:5)
  4 crimson imps
  2 jellies
  7 orc priests
  A hound (D:7)
  4 orc wizards
  An iguana (D:6)
  Crazy Yiuf (D:3)
  Jessica (D:2)
  5 worker ants
  Natasha (thrice) (D:2)
  2 hound zombies
  A howler monkey zombie (D:7)
  2 worker ant zombies
  9 gnolls
  9 adders
  A shadow imp (D:5)
  An ooze (D:2)
  An adder skeleton (D:6)
  A dart slug (D:2)
  3 leopard geckos
  18 orcs
  7 bats
  7 giant cockroaches
  11 goblins
  9 hobgoblins
  7 jackals
  4 kobolds (D:1)
  3 quokkas
  A ball python (D:3)
  5 frilled lizards
  A jackal skeleton (D:4)
  A leopard gecko skeleton (D:4)
  A leopard gecko zombie (D:6)
  2 quokka skeletons
  11 rats
172 creatures vanquished.

Notes
Turn   | Place    | Note
-------+----------+-------------------------------------------
     0 | D:1      | Fang the Gargoyle Berserker began the quest for the Orb.
     0 | D:1      | Reached XP level 1. HP: 14/14 MP: 1/1
   239 | D:1      | Reached XP level 2. HP: 19/19 MP: 2/2
   283 | D:1      | Reached skill level 3 in Axes
   389 | D:1      | Reached XP level 3. HP: 22/24 MP: 3/3
   462 | D:1      | Reached ** piety under Trog
  1038 | D:2      | Reached XP level 4. HP: 25/29 MP: 4/4
  1049 | D:2      | Found a glowing silver altar of Zin.
  1152 | D:2      | Noticed Jessica
  1173 | D:2      | Killed Jessica
  1229 | D:2      | Noticed Natasha
  1237 | D:2      | Killed Natasha
  1237 | D:2      | Reached XP level 5. HP: 11/33 MP: 5/5
  1730 | D:2      | Noticed Natasha
  1736 | D:2      | Killed Natasha
  1736 | D:2      | Reached skill level 4 in Axes
  1932 | D:2      | Noticed Natasha
  1945 | D:2      | Killed Natasha
  1945 | D:2      | Reached skill level 1 in Stealth
  2258 | D:3      | Found a runed door.
  2723 | D:3      | Reached XP level 6. HP: 39/39 MP: 6/6
  3282 | D:3      | Noticed Crazy Yiuf
  3290 | D:3      | Killed Crazy Yiuf
  3483 | D:4      | Found a staircase to the Ecumenical Temple.
  3497 | Temple   | Entered the Ecumenical Temple
  4046 | D:4      | Reached skill level 5 in Axes
  4046 | D:4      | Reached XP level 7. HP: 25/44 MP: 7/7
  4047 | D:4      | Reached *** piety under Trog
  4881 | D:5      | Entered Level 5 of the Dungeon
  4950 | D:5      | Reached skill level 5 in Fighting
  5120 | D:5      | Reached skill level 6 in Axes
  5125 | D:5      | Reached XP level 8. HP: 38/49 MP: 8/8
  5719 | D:5      | Reached skill level 7 in Axes
  5866 | D:5      | Reached **** piety under Trog
  6290 | D:6      | Found a shadowy altar of Dithmenos.
  6500 | D:6      | Found Carry's Magic Scroll Boutique.
  7038 | D:7      | Found an ornate altar of the Wu Jian Council.
  7104 | D:7      | Reached XP level 9. HP: 52/55 MP: 9/9
  7126 | D:7      | Reached skill level 8 in Axes
  7126 | D:7      | Reached skill level 5 in Dodging
  7479 | D:7      | Noticed Dowan
  7482 | D:7      | Noticed Duvessa
  7493 | D:7      | Killed Dowan
  7498 | D:7      | Killed Duvessa
  7846 | D:7      | Reached skill level 9 in Axes
  7859 | D:7      | Slain by a steam dragon

Skill      XL: |  1  2  3  4  5  6  7  8  9 |
---------------+----------------------------+-----
Axes           | 3 4 5 6 7 9 |  9.0
Dodging        | 2 3 4 5 |  5.4
Fighting       | 4 5 6 7 |  7.0
Stealth        | 1 2 3 |  3.1
Armour         | |  2.5

Action                   |  1- 3 |  4- 6 |  7- 9 || total
-------------------------+-------+-------+-------++-------
Melee: Hand axe          |   115 |   242 |   371 ||   728
       Battleaxe         |       |       |     1 ||     1
Invok: Berserk           |     1 |     5 |     6 ||    12
       Brothers in Arms  |       |       |     1 ||     1
  Use: Scroll            |       |       |    16 ||    16
 Stab: Sleeping          |     2 |     1 |       ||     3
  Eat: Chunk             |     2 |    13 |    11 ||    26
       Ration            |       |       |     2 ||     2
Armor: Animal skin       |    60 |    12 |       ||    72
       Robe              |       |    77 |   131 ||   208
Dodge: Dodged            |   101 |   154 |   238 ||   493
